 Dungeon Crawl Stone Soup version 0.20-a0-1016-g241539b (webtiles) character file.

9041 FastMan the Cleaver (level 11, -7/60 HPs)
             Began as a Vine Stalker Fighter on Apr 16, 2017.
             Was a Believer of Makhleb.
             Shot with an arrow by a centaur (12 damage)
             ... on level 3 of the Lair of Beasts.
             The game lasted 00:06:31 (6196 turns).

FastMan the Cleaver (Vine Stalker Fighter)          Turns: 6196, Time: 00:06:32

Health: -7/60      AC: 14    Str: 18    XL:     11   Next: 40%
Magic:  0/12       EV:  4    Int:  8    God:    Makhleb [**....]
Gold:   430        SH: 12    Dex: 18    Spells: 10/10 levels left

rFire    . . .     SeeInvis .   a - +1 war axe
rCold    . . .     Gourm    .   c - +0 shield
rNeg     . . .     Faith    .   q - +0 plate armour
rPois    .         Spirit   +   w - +1 helmet
rElec    .         Reflect  .   i - +0 cloak
rCorr    .         Harm     .   (no gloves)
MR       +....                  (no boots)
Stlth    ..........             (no amulet)
Regen    0.6/turn               (no ring)
MPRegen  0.2/turn               (no ring)

@: no status effects
A: fangs 3, regeneration 1, magic shield, antimagic bite, no potion heal 3, rot
immunity
a: Minor Destruction, Renounce Religion


You were on level 3 of the Lair of Beasts.
You worshipped Makhleb.
Makhleb was pleased with you.
You were hungry.

You visited 2 branches of the dungeon, and saw 11 of its levels.

You collected 430 gold pieces.

Inventory:

Hand Weapons
 a - a +1 war axe (weapon)
Armour
 c - a +0 shield (worn)
 h - the +2 buckler of Too Many Cooks {-Cast Regen+ Int+4}
   (You found it on level 6 of the Dungeon)

   It affects your intelligence (+4).
   It prevents spellcasting.
   It increases your rate of regeneration.
 i - a +0 cloak (worn)
 q - a +0 plate armour (worn)
 w - a +1 helmet (worn)
Jewellery
 n - an uncursed amulet of guardian spirit {unknown}
 u - an uncursed ring of protection from cold {unknown}
 x - a +5 amulet of reflection {unknown}
 y - an uncursed amulet of guardian spirit {unknown}
Scrolls
 d - 2 scrolls of enchant armour {unknown}
 e - 2 scrolls of fear
 m - 2 scrolls of teleportation {@r3}
 r - a scroll of noise {unknown}
 v - a scroll of remove curse {@r2}
 A - a scroll of silence {unknown}
Potions
 b - a potion of berserk rage
 g - a potion of ambrosia {unknown}
 j - 3 potions of brilliance {@q6}
 l - 2 potions of lignification
 o - a potion of haste {@q3}
 t - a potion of flight {unknown}
 z - a potion of cancellation {unknown}
Comestibles
 f - 6 bread rations {@e1}
 k - 5 meat rations {@e2}
 s - 8 fruits {@e4}
 B - 3 royal jellies {@e3}


   Skills:
 + Level 8.5 Fighting
 * Level 11.3 Axes
 - Level 2.4 Armour
 + Level 8.7 Shields


You had 10 spell levels left.
You didn't know any spells.

Dungeon Overview and Level Annotations

Branches:
Dungeon (8/15)             Temple (0/1) D:7            Lair (3/6) D:8
 Shoals (0/4) Lair:3
  Snake: Lair:2-4    Spider: Lair:2-4

Altars:
Dithmenos
Gozag
Hepliaklqana
Makhleb
Nemelex Xobeh
Okawaru
Uskayaw

Shops:
D:4 =


Innate Abilities, Weirdness & Mutations

You have razor-sharp teeth.
Your natural rate of healing is unusually fast.
When hurt, damage is shared between your health and your magic reserves.
Your bite disrupts and absorbs the magic of your enemies.
Potions cannot restore your health.
You are immune to rotting.


Message History

The centaur shouts!
A centaur comes into view.
The centaur shouts!
A centaur comes into view.
The centaur shouts!
The centaur wields a shortbow.
The centaur shoots an arrow.
The arrow hits you.
* * * LOW HITPOINT WARNING * * *
Found a short sword.
Found a staircase to the Shoals.
The centaur wields a shortbow.
The centaur shoots an arrow.
The arrow hits you!
* * * LOW HITPOINT WARNING * * *
The centaur wields a shortbow.
The centaur shoots an arrow.
The arrow hits you.
* * * LOW HITPOINT WARNING * * *
You see here 2 arrows.
Unknown command.
Okay, then.
The centaur unwields an uncursed shortbow.
You block the centaur's attack.
The centaur shoots an arrow.
The arrow hits you but does no damage.
The centaur wields a glowing shortbow.
The centaur shoots an arrow.
The arrow hits you!
You die...

.......P...##
..P....P.P..##.
P...P.....P....
.P..P.P..PP... .
.P..........## ..
.P.P.cc).....#.#
.....cc...P.....
..P..P.@.P..#
P.P....c(...####.
..P...PP.........
..........####.P#
....P.P..##
...##.#.## ...
##### .# #


You could see 5 centaurs.

Vanquished Creatures
  The ghost of Af the Destroyer, a journeyman BaFE of Vehumet (Lair:1)
  A two-headed ogre (D:8)
  The ghost of porpoise the Geomancer, a novice OpEE of Sif Muna (D:8)
  An unseen horror (D:8)
  A black mamba (Lair:2)
  The ghost of Misericorde the Frost Mage, a novice DEIE (D:7)
  2 spiny frogs
  Grinder (D:4)
  4 blink frogs (Lair:2)
  2 hippogriffs (D:7)
  Sigmund (D:2)
  Eustachio (D:4)
  5 yaks
  A hungry ghost (D:8)
  A basilisk (Lair:2)
  Menkaure (D:4)
  Edmund (D:4)
  Duvessa (D:5)
  An orc warrior (D:8)
  A water moccasin (D:8)
  A phantom (D:5)
  A black bear (Lair:2)
  An ice beast (D:8)
  7 centaurs
  5 ogres
  A crocodile (Lair:1)
  Blork the orc (D:5)
  5 bullfrogs
  Dowan (D:5)
  3 scorpions
  A howler monkey (D:4)
  A bullfrog zombie (D:6)
  3 orc priests
  2 hounds
  6 orc wizards
  Crazy Yiuf (D:5)
  A bullfrog skeleton (D:7)
  An iguana (D:6)
  10 worker ants
  Natasha (D:4)
  Terence (D:2)
  2 hound skeletons
  2 worker ant zombies
  A howler monkey skeleton (D:7)
  4 adders
  2 adder skeletons
  3 worms
  2 dart slugs
  3 leopard geckos
  23 orcs
  2 giant cockroaches
  3 goblins (D:1)
  5 hobgoblins
  2 jackals (D:8)
  4 bats
  4 frilled lizards
  7 kobolds
  3 rats
155 creatures vanquished.

Notes
Turn   | Place    | Note
-------+----------+-------------------------------------------
     0 | D:1      | FastMan the Vine Stalker Fighter began the quest for the Orb.
     0 | D:1      | Reached XP level 1. HP: 11/11 MP: 2/2
    54 | D:1      | Reached skill level 2 in Axes
   117 | D:1      | Reached XP level 2. HP: 12/16 MP: 1/3
   414 | D:2      | Noticed Terence
   425 | D:2      | Killed Terence
   425 | D:2      | Reached XP level 3. HP: 18/20 MP: 4/4
   634 | D:2      | Noticed Sigmund
   642 | D:2      | Killed Sigmund
   642 | D:2      | Reached skill level 3 in Axes
   642 | D:2      | Gained mutation: Your natural rate of healing is unusually fast. [Vine Stalker growth]
   642 | D:2      | Reached XP level 4. HP: 9/25 MP: 5/5
   642 | D:2      | Reached XP level 5. HP: 10/28 MP: 6/6
   950 | D:3      | Reached XP level 6. HP: 30/33 MP: 5/7
   962 | D:3      | Found a hazy altar of Hepliaklqana.
   962 | D:3      | Found an opulent altar of Gozag.
  1049 | D:4      | Noticed Edmund
  1074 | D:4      | Killed Edmund
  1074 | D:4      | Reached skill level 4 in Axes
  1213 | D:4      | Found a shadowy altar of Dithmenos.
  1290 | D:4      | Reached XP level 7. HP: 26/37 MP: 4/8
  1409 | D:4      | Found Narghus's Jewellery Boutique.
  1457 | D:4      | Noticed Menkaure
  1465 | D:4      | Killed Menkaure
  1465 | D:4      | Reached skill level 5 in Axes
  1537 | D:4      | Noticed Natasha
  1543 | D:4      | Killed Natasha
  1599 | D:4      | Found a sparkling altar of Nemelex Xobeh.
  1614 | D:4      | Noticed Grinder
  1632 | D:4      | Killed Grinder
  1811 | D:4      | Noticed Eustachio
  1828 | D:4      | Killed Eustachio
  1828 | D:4      | Reached skill level 6 in Axes
  1828 | D:4      | Reached skill level 5 in Shields
  1828 | D:4      | Gained mutation: You have razor-sharp teeth. [Vine Stalker growth]
  1828 | D:4      | Reached XP level 8. HP: 29/42 MP: 9/9
  1899 | D:5      | Entered Level 5 of the Dungeon
  1911 | D:5      | Reached skill level 5 in Fighting
  2193 | D:5      | Noticed Blork the orc
  2213 | D:5      | Killed Blork the orc
  2249 | D:5      | Noticed Duvessa
  2249 | D:5      | Noticed Dowan
  2267 | D:5      | Killed Dowan
  2267 | D:5      | Reached skill level 7 in Axes
  2324 | D:5      | Killed Duvessa
  2436 | D:5      | Found a runed door.
  2705 | D:5      | Noticed Crazy Yiuf
  2710 | D:5      | Killed Crazy Yiuf
  2710 | D:5      | Reached XP level 9. HP: 40/48 MP: 7/10
  2954 | D:6      | Found a burning altar of Makhleb.
  2993 | D:6      | Became a worshipper of Makhleb the Destroyer
  3225 | D:6      | Reached skill level 8 in Axes
  3277 | D:6      | Got a slimy buckler
  3288 | D:6      | Identified the +2 buckler of Too Many Cooks {-Cast Regen+ Int+4} (You found it on level 6 of the Dungeon)
  3798 | D:7      | Found a staircase to the Ecumenical Temple.
  3852 | D:7      | Noticed Misericorde's ghost (novice DEIE)
  3866 | D:7      | Killed Misericorde's ghost
  4116 | D:7      | Found an iron altar of Okawaru.
  4197 | D:8      | Reached skill level 9 in Axes
  4207 | D:8      | Reached XP level 10. HP: 44/53 MP: 11/11
  4228 | D:8      | Found a staircase to the Lair.
  4246 | D:8      | Noticed porpoise's ghost (novice OpEE)
  4280 | D:8      | Killed porpoise's ghost
  4280 | D:8      | Reached * piety under Makhleb
  4369 | D:8      | Noticed a two-headed ogre
  4381 | D:8      | Killed a two-headed ogre
  4386 | D:8      | Killed an unseen horror
  4473 | D:8      | Reached skill level 10 in Axes
  4536 | D:8      | Found a hide-covered altar of Uskayaw.
  4830 | D:8      | Found a sand-covered staircase.
  4922 | Lair:1   | Entered Level 1 of the Lair of Beasts
  4945 | Lair:1   | Reached ** piety under Makhleb
  4955 | Lair:1   | Noticed Af's ghost (journeyman BaFE)
  4975 | Lair:1   | Killed Af's ghost
  4975 | Lair:1   | Reached XP level 11. HP: 57/60 MP: 12/12
  5564 | Lair:2   | Reached skill level 11 in Axes
  6172 | Lair:3   | Noticed an eight-headed hydra
  6194 | Lair:3   | Found a staircase to the Shoals.
  6196 | Lair:3   | Shot with an arrow by a centaur

Vault maps used:
D:1:      mrwooster_arrival_statue_3
D:2:      first_bread, hex_medium, tgw_xom, uniq_robin, uniq_terence,
          uniq_sigmund
D:3:      amethyst_overflow_temple_binary, uniq_iyjb
D:4:      nicolae_overflow_crystal_walls, kennysheep_mini, serial_shops,
          shop_fountains, uniq_menkaure, uniq_eustachio, uniq_edmund,
          uniq_natasha, uniq_grinder
D:5:      kennysheep_doodads, uniq_crazy_yiuf_cottage, uniq_duvessa,
          uniq_blork_the_orc
D:6:      basic_altar
D:7:      lemuel_coloured_pillars_altar, minmay_temple_entry_trees
D:8:      lemuel_round_altar, lair_entry_dummy, nicolae_ossuary_entry_monument
Lair:1:   grunt_megastairs_5
Lair:3:   minmay_shoals_entry_centaurs, minmay_snake_entry_spellcaster,
          beast_lair_carwin_8, lemuel_fruit_tree, serial_bayou_shore_b,
          serial_bayou_shore_a, grunt_megastairs_2, serial_bayou_shore_b

Skill      XL: |  1  2  3  4  5  6  7  8  9 10 11 |
---------------+----------------------------------+-----
Axes           | 2 3 4 6 7 9 10 11 | 11.3
Shields        | 3 4 5 7 8 |  8.7
Fighting       | 3 4 5 6 8 |  8.5
Armour         | |  2.4

Action                   |  1- 3 |  4- 6 |  7- 9 | 10-12 || total
-------------------------+-------+-------+-------+-------++-------
Melee: War axe           |    74 |    56 |   292 |   240 ||   662
       Bite              |    21 |    26 |   118 |    89 ||   254
  Use: Potion            |     1 |     1 |     1 |     4 ||     7
       Scroll            |       |    11 |       |     8 ||    19
  Eat: Chunk             |       |     1 |    10 |     8 ||    19
Armor: Scale mail        |    14 |       |       |       ||    14
       Plate armour      |    25 |    24 |   166 |    99 ||   314
       Skin              |       |       |       |    15 ||    15
Dodge: Dodged            |    19 |     6 |    37 |    51 ||   113
Block: Shield            |    38 |    31 |   117 |    51 ||   237
       Buckler           |       |       |    40 |    72 ||   112
